 Dungeon Crawl Stone Soup version 0.24-a0-584-g9d6b971 (webtiles) character file.

Game seed: 3450616668530644805, levelgen mode: deterministic

1529 Dorkslayer the Sneak (level 8, -5/56 HPs)
             Began as an Octopode Fighter on Sept 6, 2019.
             Killed themself with a badly aimed iceblast (20 damage)
             ... on level 7 of the Dungeon.
             The game lasted 00:23:23 (5046 turns).

Dorkslayer the Sneak (Octopode Fighter)             Turns: 5046, Time: 00:23:23

Health: -5/56      AC:  1    Str: 17    XL:     8   Next: 85%
Magic:  10/10      EV: 18    Int: 11    God:
Gold:   218        SH: 10    Dex: 16    Spells: 10/10 levels left

rFire    . . .     SeeInvis .   a - +1 long sword
rCold    . . .     Gourm    .   b - +1 shield
rNeg     . . .     Faith    .   (helmet restricted)
rPois    .         Spirit   .   (no amulet)
rElec    .         Reflect  .   p - ring of stealth
rCorr    +         Harm     .   s - ring of resist corrosion
MR       .....                  (no ring)
Stlth    ++++++....             (no ring)
HPRegen  0.18/turn              (no ring)
MPRegen  0.12/turn              (no ring)
                                (no ring)
                                (no ring)

@: agile, very slightly contaminated, invisible (expiring)
A: almost no armour, stealthy swim, amphibious, 8 rings, constrict 8, camouflage
1, gelatinous body 1
a: no special abilities


You were on level 7 of the Dungeon.
You were not hungry.

You visited 1 branch of the dungeon, and saw 7 of its levels.

You collected 218 gold pieces.

Inventory:

Hand Weapons
 a - a +1 long sword (weapon)
 t - a +1 dagger of holy wrath
Armour
 b - a +1 shield (worn)
Jewellery
 p - a ring of stealth (left tentacle)
 s - a ring of resist corrosion (right tentacle)
Wands
 k - a wand of enslavement (5)
 r - a wand of random effects (11)
Scrolls
 e - a scroll of remove curse
 i - a scroll of magic mapping {unknown}
 l - a scroll of amnesia
Potions
 j - 3 potions of agility
 m - a potion of flight {unknown}
Comestibles
 d - 12 rations
 g - 7 chunks of flesh


   Skills:
 * Level 5.4 Fighting
 + Level 5.5 Long Blades
 * Level 3.7 Throwing
 + Level 4.0 Dodging
 + Level 5.8 Stealth
 + Level 4.2 Shields
 + Level 1.7 Spellcasting
 * Level 3.3 Evocations


You had 10 spell levels left.
You didn't know any spells.
Your spell library was empty.

Dungeon Overview and Level Annotations

Branches:
Dungeon (7/15)
 Temple: D:4-7

Altars:
Gozag
Trog

Shops:
D:5 =

Annotations:
D:6 Sigmund


Innate Abilities, Weirdness & Mutations

You cannot wear most types of armour.
You are very stealthy in the water. (Stealth+)
You are amphibious.
You can wear up to eight rings at the same time.
You can use your tentacles to constrict eight enemies at once.
Your skin changes colour to match your surroundings (Stealth+).
Your rubbery body absorbs attacks. (AC +1, EV +1)


Message History

You closely miss the ice beast.
The ice beast is moderately wounded.
The centaur looks more healthy.
The ice beast hits you. The ice beast freezes you!
* * * LOW HITPOINT WARNING * * *
Unknown command.
Evoke which item? (* to show all) (? for menu, Esc to quit)
Aiming: Random Effects
Press: ? - help, Shift-Dir - straight line, f - ice beast
Aim: an ice beast (moderately wounded)
The mass of ice explodes!
The iceblast engulfs the ice beast.
The ice beast partially resists.
The ice beast is heavily wounded.
You feel a bit more experienced.
The iceblast engulfs the gnoll!!
You kill the gnoll!
The iceblast engulfs the gnoll!
You kill the gnoll!
Your Dodging skill increases to level 4!
The iceblast engulfs you!!
You die...

#....##..... ##(((.##
#..(.<.# #(.....# #
#......#
.##.##(....g###
.....(...(.O.g.#
.#...#((...g.#.###
....(!....(..#@..##
............)Y....#
...###.....()###......
.. ###..#### #....>
...... #.... ......
#... .....#. #.. .....
..


You could see an ice beast and 2 gnolls.

Vanquished Creatures
  Prince Ribbit (D:6)
  An orc warrior (D:6)
  4 ogres
  A bullfrog (D:6)
  A howler monkey (D:4)
  2 bullfrog skeletons
  2 hounds (D:6)
  5 orc wizards
  3 orc priests
  An iguana (D:6)
  4 worker ants
  12 adders
  2 gnolls (D:7)
  A shadow imp (D:6)
  2 oozes
  An adder skeleton (D:5)
  2 worms (D:2)
  5 dart slugs
  2 leopard geckos
  18 orcs
  4 giant cockroaches
  7 goblins
  9 hobgoblins
  2 jackals (D:2)
  12 kobolds
  3 quokkas
  8 bats
  8 frilled lizards
  A quokka skeleton (D:6)
  13 rats
137 creatures vanquished.

Vanquished Creatures (collateral kills)
  A black bear (D:6)
  2 orcs (D:6)
3 creatures vanquished.

Vanquished Creatures (others)
  A sky beast (D:6)
  A centaur (D:6)
2 creatures vanquished.

Grand Total: 142 creatures vanquished

Notes
Turn   | Place    | Note
-------+----------+-------------------------------------------
     0 | D:1      | Dorkslayer the Octopode Fighter began the quest for the
                  | Orb.
     0 | D:1      | Reached XP level 1. HP: 16/16 MP: 1/1
   125 | D:1      | Reached XP level 2. HP: 21/21 MP: 2/2
   168 | D:1      | Reached skill level 1 in Stealth
   264 | D:1      | Reached XP level 3. HP: 24/26 MP: 3/3
   691 | D:2      | Reached XP level 4. HP: 21/33 MP: 4/4
  1573 | D:2      | Reached XP level 5. HP: 37/37 MP: 5/5
  2451 | D:3      | Reached skill level 1 in Spellcasting
  2451 | D:3      | Reached XP level 6. HP: 43/43 MP: 7/7
  2467 | D:3      | Found a bloodstained altar of Trog.
  2752 | D:4      | Reached skill level 1 in Evocations
  2794 | D:4      | Reached skill level 1 in Throwing
  3009 | D:4      | Found an opulent altar of Gozag.
  3209 | D:4      | Reached XP level 7. HP: 49/49 MP: 9/9
  3699 | D:5      | Entered Level 5 of the Dungeon
  4200 | D:5      | Found Revvir's Jewellery Shop.
  4532 | D:6      | Reached skill level 5 in Stealth
  4569 | D:6      | Reached XP level 8. HP: 21/54 MP: 10/10
  4614 | D:6      | Noticed Prince Ribbit
  4629 | D:6      | Killed Prince Ribbit
  4629 | D:6      | Reached skill level 5 in Fighting
  4629 | D:6      | Reached skill level 5 in Long Blades
  4941 | D:6      | Noticed Sigmund
  5046 | D:7      | Killed themself with a badly aimed iceblast

Levels and vault maps discovered:
D:1:      dpeg_arrival_concentric_ovals, layout_basic
D:2:      layout_basic
D:3:      layout_loops_ring, marbit_many_paths, mrwooster_statue_mirror
D:4:      layout_gridville, grunt_gozag_statues
D:5:      layout_basic, first_ration, serial_shops, shop
D:6:      layout_rooms, grunt_temple_overflow_growth_and_decay,
          minmay_temple_entry_purple_smoke, uniq_prince_ribbit1, uniq_sigmund
D:7:      lemuel_ice_statue, layout_rooms, old_standard_altar

Skill      XL: |  1  2  3  4  5  6  7  8 |
---------------+-------------------------+-----
Stealth        | 1 2 3 4 5 |  5.8
Fighting       | 4 5 |  5.4
Long Blades    | 3 4 5 |  5.5
Spellcasting   | 1 |  1.7
Evocations     | 1 2 3 |  3.3
Throwing       | 1 2 3 |  3.7
Shields        | 4 |  4.2
Dodging        | 4 |  4.0

Action                   |  1- 3 |  4- 6 |  7- 9 || total
-------------------------+-------+-------+-------++-------
Melee: Long sword        |    54 |   115 |    76 ||   245
       Constrict         |    17 |    38 |    25 ||    80
       Tentacles         |    15 |    17 |    20 ||    52
Throw: Dart              |       |     5 |    34 ||    39
Evoke: Wand              |       |     1 |     9 ||    10
  Use: Scroll            |       |     6 |     7 ||    13
       Potion            |       |     3 |     6 ||     9
 Stab: Sleeping          |     3 |    13 |     4 ||    20
       Distracted        |       |       |     1 ||     1
       Invisible         |       |       |     2 ||     2
       Confused          |       |       |     1 ||     1
  Eat: Chunk             |       |     7 |     3 ||    10
       Ration            |       |       |     1 ||     1
Armor: Skin              |     4 |    12 |     1 ||    17
Dodge: Dodged            |    22 |    30 |    47 ||    99
Block: Shield            |    29 |    37 |    43 ||   109
       Rpst.: Long sword |     8 |    13 |    13 ||    34

Table legend:
 A = Non-vault XP
 B = Vault XP
 C = Vault XP percentage of total XP
 D = Non-vault monster count
 E = Vault monster count
 F = Vault count percentage of total count
                 A         B        C        D         E       F
            +---------+---------+-------+---------+---------+-------
      Total |    1895 |     290 |  13.3 |     140 |       2 |   1.4
            +---------+---------+-------+---------+---------+-------
        D:1 |      54 |       0 |   0.0 |      28 |       0 |   0.0
        D:2 |     112 |       0 |   0.0 |      30 |       0 |   0.0
        D:3 |     182 |      13 |   6.7 |      31 |       1 |   3.1
        D:4 |     401 |       0 |   0.0 |      19 |       0 |   0.0
        D:5 |     249 |       0 |   0.0 |       8 |       0 |   0.0
        D:6 |     815 |     277 |  25.4 |      21 |       1 |   4.5
        D:7 |      82 |       0 |   0.0 |       3 |       0 |   0.0
            +---------+---------+-------+---------+---------+-------
